 Dungeon Sprint DCSS version 0.20-a0-1034-gb277f92 (webtiles) character file.

9354 galech the Brawler (level 11, 0/118 (120) HPs)
             Began as a Troll Monk on Apr 21, 2017.
             Was a Priest of Elyvilon.
             Slain by a 14-headed hydra (1 damage)
             ... while paralysed by a floating eye
             ... in the Dungeon (Sprint I: "Red Sonja").
             The game lasted 00:07:27 (1582 turns).

galech the Brawler (Troll Monk)                     Turns: 1582, Time: 00:07:28

HP:   0/118 (120)   AC: 14    Str: 24    XL:     11   Next: 21%
MP:   10/10         EV:  1    Int:  6    God:    Elyvilon [***...]
Gold: 491           SH:  0    Dex: 12    Spells: 10/10 levels left

rFire    x . .     SeeInvis .     - Unarmed
rCold    + + .     Gourm    +   (no shield)
rNeg     . . .     Faith    .   n - +1 ice dragon scales
rPois    .         Spirit   .   (helmet restricted)
rElec    .         Reflect  .   (no cloak)
rCorr    .         Harm     .   (gloves unavailable)
MR       .....     NoTele   +   (boots unavailable)
Stlth    ++........             (no amulet)
Regen    0.7/turn               (no ring)
MPRegen  0.2/turn               (no ring)

@: paralysed
A: unfitting armour, claws 3, fast metabolism 3, gourmand, regeneration 1,
shaggy fur 1, tough skin 2
a: Lesser Healing, Heal Other, Purification, Divine Protection, Renounce
Religion


You were in the Dungeon.
You worshipped Elyvilon.
Elyvilon was most pleased with you.
You were completely stuffed.

You visited 1 branch You collected 1617 gold pieces.
You spent 1126 gold pieces at shops.

Inventory:

Armour
 a - a +0 robe
 n - +1 ice dragon scales (worn)
 q - a +0 troll leather armour
Wands
 i - a wand of flame (29/48)
 k - a wand of digging (15/24)
Scrolls
 h - a scroll of blinking
 j - 2 scrolls of fear {unknown}
 l - a scroll of holy word {unknown}
 m - a scroll of identify
Potions
 c - a potion of curing
 d - a potion of heal wounds
 e - a potion of haste
 f - 2 potions of magic
 g - a potion of berserk rage
 o - a potion of cancellation {unknown}
 p - a potion of invisibility {unknown}
 r - 2 potions of resistance {unknown}
Comestibles
 b - 2 bread rations
 s - 5 chunks of flesh


   Skills:
 + Level 11.0 Fighting
 + Level 3.7 Armour
 + Level 11.4 Dodging
 + Level 8.2 Stealth
 + Level 16.3 Unarmed Combat
 + Level 0.3 Invocations


You had 10 spell levels left.
You didn't know any spells.

Dungeon Overview and Level Annotations

Branches:
Dungeon (1/1)

Altars:
Cheibriados
Dithmenos
Elyvilon
Fedhas
Gozag
Hepliaklqana
Kikubaaqudgha
Makhleb
Nemelex Xobeh
Okawaru
Qazlal
Ru
Sif Muna
Trog
Uskayaw
Vehumet
Wu Jian
Xom
Yredelemnul
Zin
The Shining One
Jiyva
Lugonu

Shops:
D ?[([**!==[%([}[!


Innate Abilities, Weirdness & Mutations

You are too large for most types of armour.
You have claws for hands.
Your metabolism is lightning-fast.
You like to eat raw meat.
Your natural rate of healing is unusually fast.
You are covered in fur. (AC +1)
You have very tough skin. (AC +2)


Message History

The 14-headed hydra bites you but does no damage.
The 14-headed hydra bites you.
The 14-headed hydra bites you but does no damage. x2
The 14-headed hydra bites you!
* * * LOW HITPOINT WARNING * * *
The 14-headed hydra bites you.
* * * LOW HITPOINT WARNING * * *
The 14-headed hydra bites you but does no damage. x2
The 14-headed hydra bites you!
* * * LOW HITPOINT WARNING * * *
The 14-headed hydra bites you but does no damage. x2
The 14-headed hydra bites you!
* * * LOW HITPOINT WARNING * * *
The 14-headed hydra bites you.
* * * LOW HITPOINT WARNING * * *
The 14-headed hydra bites you.
* * * LOW HITPOINT WARNING * * *
The 14-headed hydra bites you but does no damage.
The 14-headed hydra bites you.
You die...

#####################************
..#..#§§§§÷§§.§.@DG$#,,+,,,,*,,,,
..##'#.####§§§§§##§.+,,*,,,,**,,,
..)†.#§#,*##.§§##**##*+*,,,,,****
###†.§§#+*,###+#,,,**,,*,,,,,*,,,
.##'####,,,*,*,**,,,*,,**,,,,*,∩,
.#..^,,*,,,***,,***,*,,≈***+**,,,
.#..§§,+,,,,,**,*,*,*,,≈,,*,****+
'###§.§*,,,,,*,,***,*,,≈,**+*,,,,
.'.#.§.#**++**,**,,,*,,≈**,,,,,,,


You could see a 14-headed hydra and a floating eye.

Vanquished Creatures
  2 centaur warriors (D)
  A deep troll (D)
  2 unseen horrors (D)
  A lindwurm (D)
  An oklob plant (D)
  A gargoyle (D)
  2 kobold demonologists (D)
  4 demonic crawlers (D)
  A hornet (D)
  A slime creature (D)
  2 redbacks (D)
  Sigmund (D)
  13 hogs (D)
  A yak (D)
  2 floating eyes (D)
  7 necrophages (D)
  An ogre (D)
  8 jellies (D)
  Ijyb (D)
52 creatures vanquished.

Notes
Turn   | Place    | Note
-------+----------+-------------------------------------------
     0 | D        | galech the Troll Monk began the quest for the Orb.
     0 | D        | Reached XP level 1. HP: 23/23 MP: 0/0
     1 | D        | Noticed Ijyb
    18 | D        | Killed Ijyb
    18 | D        | Reached XP level 2. HP: 6/32 MP: 1/1
    71 | D        | Noticed an ogre
    75 | D        | Killed an ogre
    75 | D        | Reached skill level 5 in Fighting
    75 | D        | Reached skill level 5 in Dodging
    75 | D        | Reached skill level 2 in Unarmed Combat
    75 | D        | Reached XP level 3. HP: 42/42 MP: 2/2
    75 | D        | Reached XP level 4. HP: 50/50 MP: 3/3
    80 | D        | Noticed Sigmund
    86 | D        | Killed Sigmund
    86 | D        | Reached skill level 3 in Unarmed Combat
    86 | D        | Reached XP level 5. HP: 55/61 MP: 4/4
   101 | D        | Found a burning altar of Makhleb.
   101 | D        | Found a viscous altar of Jiyva.
   101 | D        | Found a shimmering altar of Xom.
   101 | D        | Found a corrupted altar of Lugonu.
   101 | D        | Noticed a slime creature
   107 | D        | Killed a slime creature
   107 | D        | Reached skill level 5 in Stealth
   107 | D        | Reached skill level 4 in Unarmed Combat
   107 | D        | Reached XP level 6. HP: 41/71 MP: 5/5
   256 | D        | Found an ornate altar of the Wu Jian Council.
   256 | D        | Found a deep blue altar of Sif Muna.
   258 | D        | Found a radiant altar of Vehumet.
   282 | D        | Found Onkung's Magic Scroll Emporium.
   282 | D        | Found an ancient bone altar of Kikubaaqudgha.
   282 | D        | Found a hazy altar of Hepliaklqana.
   282 | D        | Found a stormy altar of Qazlal.
   282 | D        | Found a hide-covered altar of Uskayaw.
   282 | D        | Found a blossoming altar of Fedhas.
   282 | D        | Found a bloodstained altar of Trog.
   282 | D        | Found an iron altar of Okawaru.
   282 | D        | Found a basalt altar of Yredelemnul.
   282 | D        | Found a glowing golden altar of the Shining One.
   282 | D        | Found a snail-covered altar of Cheibriados.
   282 | D        | Found a sacrificial altar of Ru.
   282 | D        | Found a glowing silver altar of Zin.
   282 | D        | Found a shadowy altar of Dithmenos.
   282 | D        | Found a white marble altar of Elyvilon.
   282 | D        | Noticed a yak
   283 | D        | Found an opulent altar of Gozag.
   288 | D        | Killed a yak
   288 | D        | Reached skill level 5 in Unarmed Combat
   288 | D        | Reached XP level 7. HP: 54/80 MP: 6/6
   289 | D        | Found a sparkling altar of Nemelex Xobeh.
   310 | D        | Bought a scroll of identify for 20 gold pieces
   310 | D        | Bought a scroll of magic mapping for 35 gold pieces
   315 | D        | Became a worshipper of Elyvilon the Healer
   315 | D        | Reached * piety under Elyvilon
   315 | D        | Reached ** piety under Elyvilon
   338 | D        | Noticed a centaur warrior
   339 | D        | Noticed a centaur warrior
   362 | D        | Noticed a kobold demonologist
   363 | D        | Noticed a kobold demonologist
   364 | D        | Paralysed by a floating eye for 2 turns
   371 | D        | Noticed a rust devil
   371 | D        | Noticed a rust devil
   375 | D        | Killed a kobold demonologist
   375 | D        | Reached skill level 6 in Unarmed Combat
   376 | D        | Paralysed by a floating eye for 3 turns
   390 | D        | Noticed an ice devil
   392 | D        | Killed a kobold demonologist
   392 | D        | Reached skill level 7 in Unarmed Combat
   392 | D        | Reached XP level 8. HP: 56/92 MP: 7/7
   462 | D        | Killed a centaur warrior
   462 | D        | Reached skill level 9 in Unarmed Combat
   475 | D        | Killed a centaur warrior
   475 | D        | Reached skill level 10 in Fighting
   475 | D        | Reached skill level 10 in Dodging
   475 | D        | Reached skill level 10 in Unarmed Combat
   475 | D        | Reached XP level 9. HP: 56/101 MP: 8/8
   546 | D        | Paralysed by a hornet for 2 turns
   554 | D        | Reached skill level 11 in Unarmed Combat
   771 | D        | Noticed an oklob plant
   774 | D        | Killed an oklob plant
   871 | D        | Reached skill level 12 in Unarmed Combat
   918 | D        | Killed an unseen horror
   918 | D        | Reached XP level 10. HP: 44/110 MP: 9/9
  1012 | D        | Reached skill level 13 in Unarmed Combat
  1030 | D        | Killed an unseen horror
  1116 | D        | Found Futrukh's Antique Armour Boutique.
  1116 | D        | Found Soery's Gadget Emporium.
  1118 | D        | Found Unluj's Distillery.
  1154 | D        | Found Saiderche's Antique Weapon Shoppe.
  1154 | D        | Found Bedu's Antique Armour Shop.
  1154 | D        | Found Fakilama's Antique Armour Boutique.
  1156 | D        | Found Taselufa's Assorted Antiques.
  1156 | D        | Found Fifudd's General Store.
  1156 | D        | Found Qaokenav's Distillery.
  1156 | D        | Found Okkeun's Jewellery Boutique.
  1156 | D        | Found Dagausef's Jewellery Emporium.
  1156 | D        | Found Qengahuo's Antique Armour Shop.
  1156 | D        | Reached *** piety under Elyvilon
  1156 | D        | Found Woklaroe's Food Shoppe.
  1159 | D        | Found Paopsuk's Antique Weapon Boutique.
  1171 | D        | Bought runed ice dragon scales for 1071 gold pieces
  1212 | D        | Noticed a deep troll
  1215 | D        | Killed a deep troll
  1215 | D        | Reached skill level 14 in Unarmed Combat
  1232 | D        | Found Xiunwel's Armour Emporium.
  1275 | D        | Reached skill level 1 in Armour
  1284 | D        | Reached skill level 15 in Unarmed Combat
  1415 | D        | Noticed a gargoyle
  1425 | D        | Killed a gargoyle
  1435 | D        | Noticed a lindwurm
  1444 | D        | Killed a lindwurm
  1469 | D        | Reached XP level 11. HP: 104/117 MP: 10/10
  1495 | D        | Reached skill level 16 in Unarmed Combat
  1578 | D        | Noticed a 12-headed hydra
  1580 | D        | Paralysed by a floating eye for 4 turns
  1582 | D        | HP: 5/118 [14-headed hydra (11)]
  1582 | D        | HP: 1/118 [14-headed hydra (2)]
  1582 | D        | Slain by a 14-headed hydra

Vault maps used:
D:        dungeon_sprint_1

Skill      XL: |  1  2  3  4  5  6  7  8  9 10 11 |
---------------+----------------------------------+-----
Fighting       | 4 5 6 7 8 9 10 11 | 11.0
Dodging        | 4 5 7 8 9 10 11 | 11.4
Stealth        | 3 4 5 6 7 8 |  8.2
Unarmed Combat | 2 3 4 5 7 10 12 15 16 | 16.3
Armour         | 2 3 |  3.7
Invocations    | |  0.3

Action                   |  1- 3 |  4- 6 |  7- 9 | 10-12 || total
-------------------------+-------+-------+-------+-------++-------
Melee: Unarmed           |    19 |    17 |    75 |   105 ||   216
       Punch             |       |     1 |     1 |     6 ||     8
Invok: Lesser Healing    |       |       |       |     2 ||     2
  Use: Scroll            |       |       |     1 |       ||     1
 Stab: Sleeping          |       |     3 |     4 |     1 ||     8
  Eat: Chunk             |     1 |     4 |     7 |     8 ||    20
Armor: Robe              |     1 |       |    16 |     7 ||    24
       Ice dragon scales |       |       |       |    72 ||    72
Dodge: Dodged            |     7 |     2 |    44 |    85 ||   138
